 Dungeon Crawl Stone Soup version 0.32-a0-893-gf85d74f360 (webtiles) character file.

Game seed: 5255713965792299863

5 samb the Trooper (level 1, 0/14 HPs)
             Began as a Gargoyle Berserker on Apr 3, 2024.
             Was a Follower of Trog.
             Slain by a ribbon worm (3 damage)
             ... on level 3 of the Dungeon.
             The game lasted 00:05:07 (201 turns).

samb the Trooper (Gargoyle Berserker)                Turns: 201, Time: 00:05:07

Health: 0/14       AC:  4    Str: 20    XL:     1   Next: 80%
Magic:  1/1        EV: 10    Int:  7    God:    Trog [*.....]
Gold:   0          SH:  0    Dex:  9    Spells: 0/0 levels left

rFire   . . .        a - +0 mace
rCold   . . .        (no shield)
rNeg    + . .        b - +0 animal skin
rPois   ∞            (no helmet)
rElec   +            (no cloak)
rCorr   .            (no gloves)
SInv    .            (no boots)
Will    .....        (no amulet)
Stlth   +            (no ring)
HPRegen 0.22/turn    (no ring)
MPRegen 0.07/turn

%: no passive effects
@: no status effects
A: sickness immunity, AC +2, negative energy resistance 1, electricity
resistance, torment resistance 1, petrification resistance
a: Renounce Religion, Berserk


You were on level 3 of the Dungeon.
You worshipped Trog.
Trog was aware of your devotion.
You visited 1 branch of the dungeon, and saw 3 of its levels.

Inventory:

Hand Weapons
 a - a +0 mace (weapon)
Missiles
 c - 4 stones (quivered)
Armour
 b - a +0 animal skin (worn)
Jewellery
 d - an amulet of regeneration
Potions
 e - a potion of magic {unknown}


   Skills:
 + Level 3.4 Fighting
 + Level 3.1 Maces & Flails
 + Level 2.2 Armour
 + Level 1.6 Dodging


You couldn't memorise any spells.
You didn't know any spells.
Your spell library was empty.

Dungeon Overview and Level Annotations

Branches:
Dungeon (3/15)

Altars:


Innate Abilities, Weirdness & Mutations

You are immune to sickness and miasma.
Your stone body is resilient. (AC +2)
You are immune to poison.
You resist negative energy. (rN+)
You are resistant to electric shocks. (rElec)
You are resistant to unholy torment.
You are immune to petrification.


Message History

You slide downwards.
The hatch slams shut behind you.
The orc shouts! x2; You hear a shout!
Found five items.
Found a stone staircase leading down.
The ribbon worm expels a string of sticky webbing.
The stream of webbing hits you but does no damage.
You are caught in a web!
There is a web here.
You struggle to detach yourself from the web.
An adder comes into view.
The ribbon worm bites you.
The web tears apart.
The adder hisses angrily.
The ribbon worm expels a string of sticky webbing.
The stream of webbing hits you but does no damage.
You are caught in a web!
You struggle to detach yourself from the web.
An orc comes into view. It is wielding a +0 whip.
The ribbon worm bites you!
Ouch! That really hurt!
The web tears apart.
The orc shouts!
An ufetubus comes into view.
The ufetubus shouts!
You sock the ribbon worm!
The ribbon worm is heavily wounded.
The ribbon worm closely misses you.
An ufetubus comes into view.
The orc hits you with a +0 club.
You hit the orc.
The orc is lightly wounded.
The adder bites you but does no damage. The ribbon worm bites you.
* * * LOW HITPOINT WARNING * * *
The orc hits you with a +0 club.
* * * LOW HITPOINT WARNING * * *
The adder barely misses you.
You thump the orc!
You kill the orc!
Trog accepts your kill. The ribbon worm bites you.
You die...
PP♣P.

.P ♣.PP.# .o.
P....
♣P.♣P..####
.♣P.♣......
.....PP.#.#
...5(5!>.#
#o..ow##.#
##.o)@..?#
#......S.)...#
#$##....####.#
# ###.#.. #
......
##.#.....
#.##.### ...
.#


You could see a ribbon worm, an adder, 2 ufetubi and 3 orcs.

Vanquished Creatures
  An orc (D:3)
  An endoplasm (D:1)
  A goblin (D:1)
  A bat (D:1)
  2 kobolds (D:1)
  A rat (D:1)
7 creatures vanquished.

Notes
Turn   | Place    | Note
-------+----------+-------------------------------------------
     0 | D:1      | samb the Gargoyle Berserker began the quest for the Orb.
     0 | D:1      | Reached XP level 1. HP: 14/14 MP: 1/1
   201 | D:3      | Slain by a ribbon worm

Illustrated notes

Levels and vault maps discovered:
D:1:      arrival_zaba_pyramid, layout_basic
D:2:      kb_forest_paths, layout_basic
D:3:      layout_basic, slow_altar_1, gammafunk_temple_overflow_statue,
          dreamdust_ecumenical_altar_grove

Action                     || total
---------------------------++-------
  Melee: Mace              ||    12
 Invoke: Berserk           ||     1
 Armour: Animal skin       ||    10
  Dodge: Dodged            ||     6

Table legend: (Time is in decaauts)
 A = Elapsed time spent in this place.
 B = Non-inter-level travel time spent in this place.
 C = Inter-level travel time spent in this place.
 D = Time resting spent in this place.
 E = Time spent auto-exploring this place.
 F = Levels seen in this place.
 G = Mean time per level.
                   A        B        C        D        E       F      G
               +--------+--------+--------+--------+--------+-----+--------+
         Total |    214 |     60 |    154 |      0 |      0 |   3 |   71.3 |
       Dungeon |    214 |     60 |    154 |      0 |      0 |   3 |   71.3 |
               +--------+--------+--------+--------+--------+-----+--------+

Top non-repeatable levels by time:
     D:1: 140 daAuts
     D:2: 64 daAuts
     D:3: 9 daAuts
